 Dungeon Crawl Stone Soup version 0.31-a0-618-g7ca08c1ff9 (webtiles) character file.

Game seed: 10624530480043846294

7357 Glub the Cleaver (level 10, -2/88 HPs)
             Began as a Minotaur Gladiator on Aug 22, 2023.
             Was a Priest of Okawaru.
             Slain by a large abomination (27 damage)
             ... on level 9 of the Dungeon.
             The game lasted 00:20:55 (8133 turns).

Glub the Cleaver (Minotaur Gladiator)               Turns: 8133, Time: 00:20:56

Health: -2/88      AC:  5    Str: 24    XL:     10   Next: 91%
Magic:  9/10       EV: 14    Int:  5    God:    Okawaru [***...]
Gold:   440        SH:  0    Dex: 14    Spells: 9/9 levels left

rFire   + . .        I - +2 battleaxe
rCold   . . .        (shield currently unavailable)
rNeg    . . .        f - +1 leather armour of Indemnity {Dex+3}
rPois   .            c - +0 hat
rElec   .            (no cloak)
rCorr   .            (no gloves)
SInv    .            (no boots)
Will    +....        (no amulet)
Stlth   ++           i - ring of willpower
HPRegen 0.34/turn    a - ring of protection from fire
MPRegen 0.12/turn

%: no passive effects
@: mighty, attractive
A: horns 2, retaliatory headbutt
a: Renounce Religion, Heroism


You were on level 9 of the Dungeon.
You worshipped Okawaru.
Okawaru was most pleased with you.
You visited 2 branches of the dungeon, and saw 10 of its levels.

You collected 440 gold pieces.

Inventory:

Hand Weapons
 H - a +3 war axe
 I - a +2 battleaxe (weapon)
Missiles
 e - 3 javelins (quivered)
 w - 6 boomerangs
 C - 2 throwing nets
Armour
 c - a +0 hat (worn)
 f - the +1 leather armour of Indemnity (worn) {Dex+3}
   (You found it on level 7 of the Dungeon)

   Dex+3:     It affects your dexterity (+3).
 x - a +0 plate armour
Jewellery
 a - a ring of protection from fire (right hand)
 b - a ring of willpower
 i - a ring of willpower (left hand)
 r - a ring of willpower
Wands
 d - a wand of charming (16)
 D - a wand of digging (6)
 F - a wand of flame (25)
Scrolls
 g - 5 scrolls of identify {unknown}
 h - a scroll of brand weapon {unknown}
 j - 2 scrolls of immolation {unknown}
 k - 2 scrolls of poison {unknown}
 m - 2 scrolls of noise {unknown}
 n - a scroll of fog {unknown}
 s - a scroll of enchant armour {unknown}
 t - 2 scrolls of teleportation {unknown}
 u - a scroll of blinking {unknown}
 v - a scroll of acquirement {unknown}
 y - a scroll of vulnerability {unknown}
 B - a scroll of revelation {unknown}
Potions
 l - a potion of resistance {unknown}
 o - a potion of berserk rage {unknown}
 p - 4 potions of attraction
 q - a potion of mutation {unknown}
 z - a potion of heal wounds {unknown}
 A - a potion of enlightenment {unknown}
 E - a potion of might
 G - a potion of cancellation {unknown}


   Skills:
 + Level 7.9 Fighting
 + Level 13.6 Axes
 + Level 4.2 Throwing
 + Level 10.3 Armour
 + Level 6.1 Dodging
 + Level 1.6 Stealth
 + Level 1.3 Invocations


You had 9 spell levels left.
You didn't know any spells.
Your spell library contained the following spells:

 Spells                   Type           Power      Damage    Failure   Level
 Wereblood                Tmut           0%         N/A       65%         2
 Irradiate                Conj/Tmut      0%         3d11      100%        5
 Iskenderun's Battlesphe  Conj           0%         2d6       100%        5
 Leda's Unmaking          Conj/Erth      0%         9d1       100%        6
 Summon Small Mammal      Summ           Unusable   N/A       N/A         1
 Call Canine Familiar     Summ           Unusable   N/A       N/A         3
 Summon Guardian Golem    Hex/Summ       Unusable   N/A       N/A         3
 Spellforged Servitor     Conj/Summ      Unusable   N/A       N/A         7

Dungeon Overview and Level Annotations

Branches:
Dungeon (9/15)             Temple (1/1) D:7
   Lair: D:8-11         Orc: D:9-12

Altars:
Ashenzari
Cheibriados
Dithmenos
Elyvilon
Fedhas
Gozag
Hepliaklqana
Kikubaaqudgha
Makhleb
Nemelex Xobeh
Okawaru
Qazlal
Sif Muna
Trog
Uskayaw
Vehumet
Wu Jian
Yredelemnul
Zin
The Shining One
Lugonu

Shops:
D:7 :

Portals:
Abyss: D:1

Annotations:
D:1 2 runed translucent doors
D:2 1 runed translucent door, Crazy Yiuf


Innate Abilities, Weirdness & Mutations

You have a pair of horns on your head.
You reflexively headbutt those who attack you in melee.


Message History

Okawaru accepts your kill.
The large abomination is attracted toward you.
You slash the small abomination!
The small abomination is heavily damaged.
The small abomination hits you!!
* * * LOW HITPOINT WARNING * * *
Throw: 4 javelins
Press: ? - help, Q - select action, (/) - cycle Shift-Dir - straight line, f - small abomination
Aim: a small abomination (heavily damaged, 70% to hit)
You throw a javelin.
The javelin pierces through the small abomination!
The small abomination is almost destroyed.
The javelin pierces through the small abomination!!
The small abomination is severely damaged.
The javelin pierces through the large abomination.
The large abomination is lightly damaged.
You feel like a meek peon again.
You fail to use your ability.
The small abomination misses you. You furiously retaliate!
You headbutt the small abomination!
You destroy the small abomination!
Okawaru accepts your kill.
A large abomination comes into view.
It was a potion of might.
You feel very mighty all of a sudden.
The small abomination closely misses you.
Okay, then.
You barely miss the small abomination. You headbutt the small abomination!
The small abomination is heavily damaged.
The small abomination closely misses you.
You furiously retaliate!
You headbutt the small abomination! You slice the small abomination!!
You destroy the small abomination!
Okawaru accepts your kill.
You slash the small abomination!
You destroy the small abomination!
Okawaru accepts your kill.
You slice the large abomination!!
The large abomination is heavily damaged.
The large abomination hits you!!
You die...

#............##....##
###......).##.......#
#####...###.......#
##..####.........
##.)## #..........
#..## #......)...
###### ######
#..........
###.##..X#....#
#.......... #
###....#(.xX@...#
#..........
#####......#.xX#....#
#..........
...#.......#.. #..).#
#..........
##.....<...##
#....###..........
#####......#
#....'.#.......... ##
#......#
#....#............ .#
##.....#
#....###........## ##
##....##########
########## #
##......#


You could see 3 large abominations and 2 small abominations.

Vanquished Creatures
  2 two-headed ogres (D:9)
  Erica (D:8)
  A wizard (D:9)
  Prince Ribbit (D:7)
  A shadow (D:8)
  A wyvern (D:9)
  3 yaks (D:8)
  A steam dragon (D:9)
  5 water moccasins
  Edmund (D:5)
  2 large abominations (D:9)
  An acid dragon (D:9)
  Duvessa (D:7)
  A sky beast (D:2)
  A black bear (D:5)
  An ice beast (D:5)
  A centaur (D:5)
  4 ogres
  A phantom (D:6)
  A kobold brigand (D:9)
  5 small abominations (D:9)
  2 bullfrogs
  A gnoll sergeant (D:8)
  3 scorpions
  7 wights
  Dowan (D:7)
  7 killer bees
  5 hounds
  A jelly (D:6)
  A gnoll bouda (D:6)
  2 orc priests
  5 iguanas
  3 orc wizards
  Robin (D:4)
  6 adders
  7 gnolls
  A shadow imp (D:8)
  An ufetubus (D:5)
  6 dart slugs
  13 orcs
  11 ball pythons
  8 bats
  9 endoplasms
  3 giant cockroaches
  15 hobgoblins
  3 jackals (D:3)
  9 kobolds
  2 quokkas (D:1)
  5 frilled lizards
  16 goblins
  11 rats
201 creatures vanquished.

Notes
Turn   | Place    | Note
-------+----------+-------------------------------------------
     0 | D:1      | Glub the Minotaur Gladiator began the quest for the Orb.
     0 | D:1      | Reached XP level 1. HP: 18/18 MP: 0/0
    52 | D:1      | Reached XP level 2. HP: 18/25 MP: 1/1
    82 | D:1      | Found a large runed translucent door.
    82 | D:1      | Found a large runed translucent door.
    89 | D:1      | Noticed a crimson imp
    90 | D:1      | Found a corrupted altar of Lugonu.
    90 | D:1      | Found a one-way gate to the infinite horrors of the Abyss.
    91 | D:1      | Noticed a crimson imp
   249 | D:1      | Reached skill level 4 in Axes
   428 | D:1      | Reached XP level 3. HP: 31/31 MP: 2/2
  1092 | D:2      | Reached XP level 4. HP: 34/38 MP: 3/3
  1190 | D:2      | Found a hazy altar of Hepliaklqana.
  1344 | D:2      | Found a runed translucent door.
  1345 | D:2      | Noticed Crazy Yiuf
  1432 | D:3      | Found a stormy altar of Qazlal.
  1432 | D:3      | Noticed a sky beast
  1449 | D:2      | Killed a sky beast
  1450 | D:2      | Reached skill level 5 in Axes
  1450 | D:2      | Reached skill level 1 in Armour
  1450 | D:2      | Reached XP level 5. HP: 19/45 MP: 4/4
  1690 | D:3      | Noticed a water moccasin
  1695 | D:3      | Killed a water moccasin
  1696 | D:3      | Reached skill level 6 in Axes
  1696 | D:3      | Reached XP level 6. HP: 52/52 MP: 5/5
  1913 | D:3      | Found a sparkling altar of Nemelex Xobeh.
  2107 | D:4      | Found a glowing golden altar of the Shining One.
  2108 | D:4      | Found a snail-covered altar of Cheibriados.
  2182 | D:4      | Reached skill level 7 in Axes
  2323 | D:4      | Found a broken altar of Ashenzari.
  2339 | D:4      | Reached XP level 7. HP: 59/59 MP: 6/6
  2371 | D:4      | Reached skill level 8 in Axes
  2510 | D:4      | Noticed Robin
  2547 | D:4      | Killed Robin
  2927 | D:5      | Entered Level 5 of the Dungeon
  3133 | D:5      | Found a glowing silver altar of Zin.
  3539 | D:5      | Reached skill level 9 in Axes
  3544 | D:5      | Reached XP level 8. HP: 58/67 MP: 7/7
  3722 | D:5      | Noticed Edmund
  3738 | D:5      | Killed Edmund
  3739 | D:5      | Reached skill level 5 in Armour
  4094 | D:5      | Reached skill level 5 in Fighting
  4294 | D:6      | Reached skill level 10 in Axes
  5111 | D:7      | Noticed Duvessa
  5111 | D:7      | Noticed Dowan
  5143 | D:7      | Killed Duvessa
  5144 | D:7      | Reached XP level 9. HP: 71/74 MP: 8/8
  5146 | D:7      | Killed Dowan
  5196 | D:7      | Found a staircase to the Ecumenical Temple.
  5220 | Temple   | Entered the Ecumenical Temple
  5236 | Temple   | Became a worshipper of Warmaster Okawaru
  5424 | D:7      | Reached skill level 11 in Axes
  5613 | D:7      | Noticed Prince Ribbit
  5638 | D:7      | Killed Prince Ribbit
  5681 | D:7      | Found Conuag's Book Shoppe.
  5866 | D:7      | You fall into a shaft and drop 1 floor!
  5974 | D:7      | Reached * piety under Okawaru
  6177 | D:7      | Identified the +1 leather armour of Indemnity {Dex+3}
  6444 | D:8      | Reached skill level 12 in Axes
  6720 | D:8      | Noticed Erica
  6726 | D:8      | Reached skill level 10 in Armour
  6729 | D:8      | Reached XP level 10. HP: 79/84 MP: 6/9
  6735 | D:8      | Killed Erica
  6735 | D:8      | Reached ** piety under Okawaru
  7178 | D:9      | Found a radiant altar of Vehumet.
  7257 | D:9      | Noticed a two-headed ogre
  7271 | D:9      | Killed a two-headed ogre
  7272 | D:9      | Reached skill level 5 in Dodging
  7272 | D:9      | Reached skill level 1 in Stealth
  7889 | D:9      | Reached skill level 13 in Axes
  7927 | D:9      | Noticed a two-headed ogre
  7933 | D:9      | Killed a two-headed ogre
  7933 | D:9      | Reached *** piety under Okawaru
  7934 | D:9      | Reached skill level 1 in Invocations
  8099 | D:9      | Noticed a wizard
  8105 | D:9      | Killed a wizard
  8133 | D:9      | Slain by a large abomination

Illustrated notes

Levels and vault maps discovered:
D:1:      erik_arrival_cave_to_civilisation [erik_arrival_cave_to_temple],
          layout_basic, minmay_tiny_reverse_x
D:2:      layout_rooms, basic_altar, uniq_crazy_yiuf_cottage
D:3:      cheibrodos_helix_gallery, layout_basic, nemelex_spade_bored_becter,
          nicolae_qazlal_beasts_of_the_sky
D:4:      layout_basic, mainiacjoe_overflow_tiny_flanked,
          nicolae_overflow_squiral, kennysheep_boxes, uniq_robin
D:5:      layout_basic, kennysheep_little_box, grunt_decor_cap, st_stairs_13,
          kennysheep_cluttered_room, uniq_edmund
D:6:      layout_basic
D:7:      layout_gridville, minmay_temple_entry_waves, serial_shops, shop,
          uniq_prince_ribbit1, uniq_duvessa
D:8:      layout_cave_pools, uniq_erica
D:9:      layout_cave_pods, vehumet_crystals, laboratory, uniq_psyche
Temple:   oiseaux_autumnal_temple

Skill      XL: |  1  2  3  4  5  6  7  8  9 10 |
---------------+-------------------------------+-----
Axes           | 4 5 6 7 9 10 12 13 | 13.6
Fighting       | 3 4 5 6 7 |  7.9
Armour         | 1 2 4 7 10 | 10.3
Dodging        | 4 6 |  6.1
Throwing       | 3 4 |  4.2
Stealth        | 1 |  1.6
Invocations    | 1 |  1.3

Action                     |  1- 3 |  4- 6 |  7- 9 | 10-12 || total
---------------------------+-------+-------+-------+-------++-------
  Melee: War axe           |    92 |    58 |    64 |    24 ||   238
         Headbutt          |    12 |    17 |    37 |    14 ||    80
         Hand axe          |       |    40 |   180 |       ||   220
         Punch             |       |     1 |     3 |     1 ||     5
         Battleaxe         |       |       |       |    26 ||    26
  Throw: Throwing net      |       |     3 |     1 |       ||     4
         Javelin           |       |       |     1 |    23 ||    24
 Invoke: Heroism           |       |       |     3 |     5 ||     8
    Use: Potion            |       |       |     3 |     2 ||     5
   Stab: Sleeping          |     1 |       |       |       ||     1
 Armour: Leather armour    |     7 |       |    11 |    10 ||    28
         Chain mail        |    39 |    31 |       |       ||    70
         Plate armour      |       |    12 |    96 |       ||   108
  Dodge: Dodged            |    47 |    37 |   120 |    32 ||   236

Table legend: (Time is in decaauts)
 A = Elapsed time spent in this place.
 B = Non-inter-level travel time spent in this place.
 C = Inter-level travel time spent in this place.
 D = Time resting spent in this place.
 E = Time spent auto-exploring this place.
 F = Levels seen in this place.
 G = Mean time per level.
                   A        B        C        D        E       F      G
               +--------+--------+--------+--------+--------+-----+--------+
         Total |   8147 |   7888 |    259 |      0 |   6298 |  10 |  814.7 |
       Dungeon |   8114 |   7886 |    228 |      0 |   6298 |   9 |  901.6 |
        Temple |     32 |      1 |     31 |      0 |      0 |   1 |   32.0 |
               +--------+--------+--------+--------+--------+-----+--------+

Top non-repeatable levels by time:
     D:7: 1487 daAuts
     D:5: 1159 daAuts
     D:9: 1013 daAuts
     D:6: 980 daAuts
     D:1: 952 daAuts
     D:4: 885 daAuts
     D:3: 616 daAuts
     D:2: 525 daAuts
     D:8: 493 daAuts
  Temple: 32 daAuts
